Match 41099146
Unlisted

Match 41099146
End
Construct Section Command Post
Royal Engineer Section
Selects Indian Artillery Battlegroup
Selects Indian Artillery Battlegroup
Dingo Light Scout Car
Infantry Section
Infantry Section
Infantry Section
Selects War Cry
Construct Platoon Command Post
Humber Armored Car
Selects Gurkha Rifles Section
6-pounder Anti-tank Gun Team
Infantry Training
Gurkha Rifles Section
Selects Volunteer Infantry
Construct Company Command Post
Selects Artillery Saturation
Crusader II Medium Tank
Construct Field Infirmary
Selects Off-map Airburst Barrage
Grenade Package
Crusader II Medium Tank
Gurkha Rifles Section
Selects BL5.5 Artillery Emplacement
Unlock M3 Grant Medium Tanks
STALKER4732
SoyaLors
ezh
Devochkin
Samar
Drink||Belzebuth
Bartolomeus
FartNoise
0
0

Comments sign in to comment!

No comments posted yet!